AoeStats
← [SEID] Mentor

Nomad

505786807Analyzed
3v3 RM · 21d ago on Sep 11, 2026· 58m 38s· 6 players
Game mode
Random Map
Map size
210×210
Population
200
Speed
Normal
Resources
Standard
Victory
Conquest
Starting age
Dark Age
Ending age
Imperial Age
RankedLock teamsTeams togetherTeam positionsShared explorationLock speedFull tech treeHidden civsTurbo modeCheats
Victory
Defeat
🇦🇷 Vietnamese · Argentina
1580
+12
🇦🇷 Persians · Argentina
1517
+14
🇦🇷 Koreans · Argentina
1447
+17
🇦🇷 Spanish · Argentina
1536
-17
🇦🇷 Huns · Argentina
1524
-16
🇦🇷 Malians · Argentina
1369
-10
__24_Thorfin_Arg
4:19 Loom
12:35 Feudal Age
21:25 Castle Age
20:42 Forging
22:41 Town Watch
23:32 Iron Casting
27:19 Double-Bit Axe
29:02 Fishing Lines
29:50 Gillnets
32:45 Horse Collar
33:17 Bow Saw
38:09 Imperial Age
36:46 Fletching
38:01 Bodkin Arrow
38:25 Scale Barding Armor
40:02 Chain Barding Armor
40:13 Bloodlines
39:23 Heavy Camel Rider
41:02 Wheelbarrow
39:51 Heavy Camel Rider
40:32 Husbandry
41:35 Plate Barding Armor
41:37 Heavy Plow
42:10 Conscription
43:45 Crop Rotation
43:28 Farimba
44:13 Medium Warships
44:10 Gold Mining
45:45 Heavy Warships
46:28 Gold Shaft Mining
48:28 Hand Cart
50:17 Padded Archer Armor
50:27 Elite Skirmisher
52:00 Leather Archer Armor
53:35 Ring Archer Armor
54:50 Chemistry
54:59 Ballistics
58:09 Thumb Ring
_38_VirusBox_Arg
5:05 Loom
13:09 Feudal Age
15:10 Town Watch
18:48 Castle Age
20:20 Wheelbarrow
47:05 Horse Collar
50:27 Double-Bit Axe
51:11 Heavy Plow
54:21 Hand Cart
56:23 Stone Mining
__127_Monchito008_Arg
13:17 Feudal Age
12:28 Loom
17:43 Wheelbarrow
20:50 Castle Age
19:07 Double-Bit Axe
21:04 Fletching
21:42 Bodkin Arrow
27:24 Thumb Ring
29:06 Ballistics
28:41 Gold Mining
33:06 Horse Collar
34:01 Bow Saw
37:28 Imperial Age
38:10 Hand Cart
38:39 Cavalier
39:30 Bloodlines
40:13 Husbandry
40:27 Heavy Plow
40:58 Scale Barding Armor
41:03 Forging
44:20 Chain Barding Armor
45:46 Plate Barding Armor
48:32 Two-Man Saw
59:04 Parthian Tactics
[SEID] Mentor
5:37 Loom
36:56 Feudal Age
55:45 Castle Age
[SEID] Aletheia
5:01 Loom
14:43 Feudal Age
20:20 Castle Age
18:55 Double-Bit Axe
20:35 Stone Mining
22:17 Fletching
23:17 Bodkin Arrow
29:42 Bow Saw
31:09 Padded Archer Armor
38:19 Leather Archer Armor
38:41 Wheelbarrow
39:54 Hand Cart
42:02 Gold Mining
45:42 Imperial Age
43:14 Horse Collar
44:15 Heavy Plow
44:55 Stone Shaft Mining
44:53 Ballistics
45:19 Town Watch
45:53 Scale Mail Armor
46:31 Forging
46:30 Bracer
46:45 Forging
46:02 Pikeman
47:27 Chain Mail Armor
48:21 Two-Man Saw
47:29 Squires
48:38 Fishing Lines
48:30 Halberdier
50:02 Coinage
50:04 Plate Mail Armor
52:26 Iron Casting
53:12 Crop Rotation
53:04 Elite Rattan Archer
53:54 Arson
54:49 Banking
55:07 Ring Archer Armor
55:37 Scale Barding Armor
55:11 Cavalier
57:08 Chain Barding Armor
57:00 Bloodlines
56:51 Husbandry
58:57 Plate Barding Armor
fassu
3:08 Loom
14:05 Feudal Age
19:35 Castle Age
18:07 Fletching
18:22 Stone Mining
19:36 Double-Bit Axe
20:24 Bodkin Arrow
21:55 Masonry
23:38 Horse Collar
26:59 Bow Saw
28:04 Gold Mining
29:49 Fishing Lines
30:22 Medium Warships
31:10 Gold Shaft Mining
32:04 Wheelbarrow
31:17 Town Watch
31:34 Gillnets
32:04 Heavy Plow
36:25 Imperial Age
35:39 Stone Shaft Mining
35:17 Scale Barding Armor
36:35 Hand Cart
36:42 Husbandry
37:27 Conscription
37:37 Conscription
37:04 Elite War Wagon
38:01 Bracer
39:05 Chemistry
39:17 Architecture
38:56 Town Patrol
40:29 Shinkichon
44:16 Ballistics
45:56 Scale Mail Armor
46:07 Forging
45:18 Pikeman
45:45 Gambesons
46:00 Squires
47:38 Chain Mail Armor
46:44 Halberdier
49:05 Plate Mail Armor
49:11 Iron Casting
50:28 Arson
50:49 Eupseong
51:07 Arrowslits
53:31 Fortified Wall
53:01 Treadmill Crane
Connection lost

Rejoining the realm…

Still unreachable

The connection could not be restored.

Session expired

The server has moved on; the page needs a fresh start.